 Dungeon Sprint DCSS version 0.17-a0-1184-gb75be8f (webtiles) character file.

77 Kidiri the Grave Robber (level 4, -2/31 HPs)
             Began as a Deep Elf Necromancer on June 1, 2015.
             Slain by a water elemental (11 damage)
             ... in the Dungeon (Sprint III: "The Ten Rune Challenge").
             The game lasted 00:03:20 (594 turns).

Kidiri the Grave Robber (Deep Elf Necromancer)       Turns: 594, Time: 00:03:22

Health: -2/31      AC:  3    Str: 10    XL:     4   Next: 13%
Magic:  9/14       EV: 14    Int: 23    God:
Gold:   25         SH:  0    Dex: 15    Spells: 6 memorised, 0 levels left

rFire  . . .     SeeInvis .     m - +0 dagger
rCold  . . .     Clarity  .     a - +0 robe
rNeg   . . .     SustAt   .     (no shield)
rPois  .         Gourm    .     (no helmet)
rElec  .         Spirit   .     (no cloak)
rCorr  .         Warding  .     (no gloves)
rMut   .         NoTele   +     (no boots)
MR     .....                    (no amulet)
Stlth  ..........               (no ring)
                                (no ring)

@: berserking, engulfed (cannot breathe), regenerating (expiring), very quick,
not resistant to hostile enchantments, extremely unstealthy
A: thin metallic scales 1, clever 1, deformed body, frail 1
a: no special abilities


You were in the Dungeon.
You were not hungry.

You visited 1 branch You collected 25 gold pieces.

Inventory:

Hand weapons
 m - a +0 dagger (weapon)
Armour
 a - a +0 robe (worn)
Scrolls
 i - 3 scrolls of blinking
 l - a scroll of enchant armour {unknown}
 n - a scroll of immolation {unknown}
 o - a scroll of fear {unknown}
 s - a scroll of holy word {unknown}
 t - a scroll of remove curse {unknown}
Potions
 d - a potion of curing
 e - a potion of heal wounds
 f - a potion of haste
 g - 2 potions of magic
 j - a potion of cancellation
 q - a potion of cure mutation
 r - 3 potions of flight
 v - a potion of might {unknown}
Books
 b - a book of Necromancy

   Spells                             Type                      Level
   a - Pain                           Necromancy                   1
   b - Animate Skeleton               Necromancy                   1
   c - Vampiric Draining              Necromancy                   3
   d - Regeneration                   Charms/Necromancy            3
   e - Animate Dead                   Necromancy                   4
   f - Control Undead                 Necromancy                   4
Comestibles
 c - a bread ration
 p - a fruit
 u - a royal jelly


   Skills:
 + Level 4.5 Dodging
 + Level 4.8 Stealth
 * Level 6.7 Spellcasting
 + Level 1.5 Charms
 * Level 7.3 Necromancy


You couldn't memorise any spells.
You knew the following spells:

 Your Spells              Type           Power        Failure   Level  Hunger
a - Pain                  Necr           ####         1%          1    None
b - Animate Skeleton      Necr           N/A          1%          1    None
c - Vampiric Draining     Necr           #####.....   1%          3    None
d - Regeneration          Chrm/Necr      ####......   4%          3    None
e - Animate Dead          Necr           N/A          4%          4    ###....
f - Control Undead        Necr           #####.....   4%          4    ###....


Dungeon Overview and Level Annotations

Branches:
Dungeon (1/1)

Altars:


Innate Abilities, Weirdness & Mutations

You are partially covered in thin metallic scales (AC +2).
Your mind is acute. (Int +2)
Armour fits poorly on your strangely shaped body.
You are frail (-10% HP).


Message History

The water elemental is heavily damaged.
Your lungs strain for air!
You barely miss the water elemental.
The water elemental is heavily damaged.
Your lungs strain for air!
The water elemental misses you.
You barely miss the water elemental.
The water elemental is heavily damaged.
Your lungs strain for air!
You hit the water elemental.
The water elemental is severely damaged.
Your lungs strain for air!
The water elemental barely misses you.
You puncture the water elemental!
The water elemental is almost destroyed.
Your skin is crawling a little less now.
* * * LOW HITPOINT WARNING * * *
Your lungs strain for air!
The water elemental hits you!
You die...

▓▓▓▓▓▓▓▓▓ ▓▓▓
▓<..#...#### ##.#
▓...#......#####..#
▓..##.......#..#..#
▓##.##.##...#..#..# #+#+#
##.##.###..##'#..#......
▓#.####.##..###.@E'.⌠....
▓.###..##..####...#...###
▓#.....##..###....# ⌠.#
###..##[..##.....# .#
##..##....#......# #
#..###..##.#.....# #..#
#..#####....# ▓▓▓▓ ▓▓▓▓
▓▓▓▓▓▓


You could see a water elemental.

Vanquished Creatures
  Jessica (D)
  A wolf (D)
  A human (D)
  2 oozes (D)
  A rat (D)
6 creatures vanquished.

Vanquished Creatures (others)
  A draconian scorcher (D)
  A yaktaur (D)
2 creatures vanquished.

Grand Total: 8 creatures vanquished

Notes
Turn   | Place    | Note
--------------------------------------------------------------
     0 | D        | Kidiri the Deep Elf Necromancer began the quest for the Orb.
     0 | D        | Reached XP level 1. HP: 10/10 MP: 6/6
     7 | D        | Learned a level 1 spell: Animate Skeleton
    11 | D        | Reached skill level 5 in Necromancy
    80 | D        | Reached XP level 2. HP: 13/15 MP: 6/9
   174 | D        | Noticed Jessica
   175 | D        | Killed a yaktaur
   176 | D        | Killed Jessica
   176 | D        | Reached skill level 5 in Spellcasting
   176 | D        | Reached skill level 6 in Necromancy
   176 | D        | Reached XP level 3. HP: 17/19 MP: 8/12
   238 | D        | Reached skill level 7 in Necromancy
   243 | D        | Learned a level 3 spell: Vampiric Draining
   247 | D        | Learned a level 3 spell: Regeneration
   491 | D        | Noticed a wolf
   495 | D        | Killed a wolf
   495 | D        | Reached skill level 1 in Charms
   495 | D        | Reached XP level 4. HP: 20/24 MP: 6/14
   501 | D        | Learned a level 4 spell: Animate Dead
   506 | D        | Learned a level 4 spell: Control Undead
   543 | D        | Killed a white draconian scorcher
   568 | D        | Gained mutation: Your body sometimes deteriorates upon taking damage. [potion of mutation]
   568 | D        | Gained mutation: You are frail (-10% HP). [potion of mutation]
   568 | D        | Gained mutation: You have a pair of small horns on your head. [potion of mutation]
   569 | D        | Lost mutation: Your body sometimes deteriorates upon taking damage. [potion of cure mutation]
   569 | D        | Lost mutation: You have a pair of small horns on your head. [potion of cure mutation]
   570 | D        | Gained mutation: Armour fits poorly on your strangely shaped body. [potion of mutation]
   570 | D        | Gained mutation: Your mind is acute. (Int +2) [potion of mutation]
   570 | D        | Gained mutation: You are partially covered in thin metallic scales (AC +2). [potion of mutation]
   582 | D        | Noticed a water elemental
   594 | D        | Slain by a water elemental

Vault maps used:
D:        dungeon_sprint_mu

Action                   |  1- 3 |  4- 6 || total
-------------------------+-------+-------++-------
Melee: Dagger            |     1 |     5 ||     6
 Cast: Pain              |    18 |     1 ||    19
       Animate Skeleton  |     1 |       ||     1
       Regeneration      |     1 |     1 ||     2
       Animate Dead      |       |     1 ||     1
  Use: Potion            |       |     5 ||     5
